 Dungeon Crawl Stone Soup version bcrawl-1.12-8-g964540c432 (webtiles) character file.

Game seed: 16332599049323522841

49 Freyura the Magician (level 3, 0/21 HPs)
             Began as a Fairy Wizard on June 10, 2019.
             Slain by Terence
             ... wielding a +0 flail
              (5 damage)
             ... on level 2 of the Dungeon.
             The game lasted 00:11:05 (1124 turns).

Freyura the Magician (Fairy Wizard)                 Turns: 1124, Time: 00:11:06

Health: 0/21       AC:  4    Str:  5    XL:     3   Next: 77%
Magic:  9/12       EV: 16    Int: 22    God:
Gold:   174        SH:  4    Dex: 10    Spells: 7/13 levels left

rFire    . . .     SeeInvis .   (weapon restricted)
rCold    . . .     Gourm    .   (shield restricted)
rNeg     . . .     Faith    .   (armour unavailable)
rPois    .         Spirit   .   a - +0 hat
rElec    .         Reflect  .   (no cloak)
rCorr    .         Harm     .   (no gloves)
MR       .....                  (no boots)
Stlth    +.........             (no amulet)
HPRegen  0.07/turn              (no ring)
MPRegen  0.13/turn              (no ring)

@: flying evasively, very slightly contaminated
A: small, magic attunement, unstealthy, unfitting armour, able to fly, AC/SH +4
a: Stop Flying


You were on level 2 of the Dungeon.
You were hungry.

You visited 1 branch of the dungeon, and saw 2 of its levels.

You collected 174 gold pieces.

Inventory:

Armour
 a - a +0 hat (worn)
Scrolls
 d - 4 scrolls of identify {unknown}
 e - a scroll of teleportation {unknown}
 h - a scroll of remove curse {unknown}
 i - a scroll of enchant armour {unknown}
Potions
 b - 3 potions of flight {unknown}
 f - a potion of degeneration {unknown}
 g - a potion of heal wounds {unknown}
Comestibles
 c - 4 rations {!d}


   Skills:
 - Level 3.1 Dodging
 - Level 1.5 Stealth
 * Level 5.6 Spellcasting
 - Level 1.2 Conjurations
 - Level 1.1 Summonings
   Level 1.0 Translocations


You had 7 spell levels left.
You knew the following spells:

 Your Spells              Type           Power        Failure   Level  Hunger
a - Magic Dart            Conj           ##..         6%          1    None
b - Call Imp              Summ           ##......     9%          2    None
c - Conjure Flame         Conj/Fire      #.......     22%         3    None

Your spell library contained the following spells:

 Spells                   Type           Power        Failure   Level  Hunger
 Slow                     Hex            #.......     10%         1    None
 Blink                    Tloc           N/A          10%         2    None
 Mephitic Cloud           Conj/Pois/Air  #.......     24%         3    None


Dungeon Overview and Level Annotations

Branches:
Dungeon (2/12)

Altars:

Annotations:
D:2 Terence


Innate Abilities, Weirdness & Mutations

Your spells do not cause hunger and MP costs are reduced by 1.
Your bright wings attract enemies. (Stealth-)
You cannot fit into any form of body armour.
Your shimmering scales are hard and can block incoming attacks. (AC +4, SH +4)
You are small and have problems with some larger weapons.
You can fly continuously.


Message History

No previous command to re-do.
No previous command to re-do.
Casting: Magic Dart (safe; 6% risk of failure)
Confirm with . or Enter, or press ? or * to list all spells.
A beastly little devil appears in a puff of flame.
Terence barely misses you.
Casting: Call Imp (safe; 9% risk of failure)
Confirm with . or Enter, or press ? or * to list all spells.
You miscast Call Imp.
Nothing appears to happen.
Terence completely misses you.
Your crimson imp closely misses Terence.
Casting: Call Imp (safe; 9% risk of failure)
Confirm with . or Enter, or press ? or * to list all spells.
A beastly little devil appears in a puff of flame.
The quokka bites your crimson imp.
Your crimson imp misses the quokka.
The quokka barely misses your crimson imp.
Your crimson imp barely misses the quokka.
Terence says, "Don't bother to defend, it's senseless."
The quokka barely misses your crimson imp.
Terence hits you with a +0 flail.
You die...

#...# #.### # #.# #...# #.#
.###.### #...# #.### .......#
#######...####### #.#..
.......###...............# #....
....#[.##................# #....
..#.#..##...........)...(# ##....
.)#.#..#...#####...####.## #..#..
.........(.r55.@@..# # #.###.
#............###.#.# #.####.###.
###...........##...# #..........
....##.......#.....# #####...###
##..###.....##.#...#######.###.##
#..# ##....##.#........#.## ##.#
#..# ##.........##.##.#.# #..
#.## #.####..#.#...#.#.## ##.#
#.#................###.##


You could see Terence, a quokka and 2 friendly crimson imps.

Vanquished Creatures
  A worm (D:1)
  2 dart slugs
  A leopard gecko (D:1)
  4 bats
  3 giant cockroaches
  4 goblins
  5 hobgoblins
  4 jackals (D:1)
  A frilled lizard (D:1)
  7 kobolds
  4 rats
36 creatures vanquished.

Vanquished Creatures (collateral kills)
  A leopard gecko (D:1)
  A hobgoblin (D:1)
  A kobold (D:1)
  A rat (D:1)
4 creatures vanquished.

Grand Total: 40 creatures vanquished

Notes
Turn   | Place    | Note
-------+----------+-------------------------------------------
     0 | D:1      | Freyura the Fairy Wizard began the quest for the Orb.
     0 | D:1      | Reached XP level 1. HP: 11/11 MP: 7/7
   178 | D:1      | Reached XP level 2. HP: 17/17 MP: 9/9
   392 | D:1      | Reached skill level 5 in Spellcasting
   478 | D:1      | Learned a level 2 spell: Call Imp
   511 | D:1      | Reached XP level 3. HP: 21/21 MP: 11/11
   817 | D:2      | Learned a level 3 spell: Conjure Flame
  1085 | D:2      | Noticed Terence
  1124 | D:2      | Slain by Terence

Skill      XL: |  1  2 |
---------------+-------+-----
Dodging        | 3 |  3.1
Spellcasting   | 5 |  5.6
Stealth        | |  1.5
Conjurations   | |  1.2
Summonings     | |  1.1
Translocations | |  1.0

Action                   || total
-------------------------++-------
 Cast: Magic Dart        ||   117
       Call Imp          ||     9
       Conjure Flame     ||     1
Armor: Skin              ||    15
Dodge: Dodged            ||    59
Block: Other             ||    13
